 Dungeon Crawl Stone Soup version 0.23.0 (webtiles) character file.

Game seed: 17943777638909697607

36022 Kairos the Blocker (level 13, -4/69 HPs)
             Began as a Vine Stalker Fighter on Feb 10, 2019.
             Was the Champion of Okawaru.
             Drowned by a drowned soul (6 damage)
             ... summoned by a merfolk avatar
             ... on level 6 of the Lair of Beasts.
             The game lasted 00:37:31 (13256 turns).

Kairos the Blocker (Vine Stalker Fighter)          Turns: 13256, Time: 00:37:32

Health: -4/69      AC: 34    Str: 26    XL:     13   Next: 87%
Magic:  0/14       EV: 19    Int:  8    God:    Okawaru [******]
Gold:   641        SH: 17    Dex: 10    Spells: 12/12 levels left

rFire    . . .     SeeInvis +   j - +4 whip (vamp)
rCold    + + +     Gourm    .   c - +2 shield
rNeg     . . .     Faith    .   R - +7 chain mail "Cubum" {*Drain rC+++ rCorr Dex-5}
rPois    .         Spirit   +   Q - +1 helmet {SInv}
rElec    .         Reflect  .   Y - scarf {cloud immunity}
rCorr    +         Harm     .   n - +1 pair of gloves {Str+3}
MR       +....                  K - +0 pair of boots (curse)
Stlth    ..........             L - amulet of the acrobat
HPRegen  1.01/turn              Z - ring of Robustness {AC+8}
MPRegen  0.14/turn              q - +6 ring of evasion

@: heroism, mesmerised, very slow
A: fangs 3, regeneration 2, magic shield, antimagic bite, no potion heal 3, rot
immunity
a: Heroism, Finesse, Renounce Religion


You were on level 6 of the Lair of Beasts.
You worshipped Okawaru.
Okawaru was exalted by your worship.
You were hungry.

You visited 2 branches of the dungeon, and saw 15 of its levels.

You collected 741 gold pieces.
You spent 100 gold pieces at shops.

Inventory:

Hand Weapons
 a - a cursed -3 hand axe
 j - a +4 vampiric whip (weapon)
 A - the +9 dagger of the Modern Ships {drain, rElec Dex-5 SInv}
   (You found it on level 4 of the Dungeon)

   A truly terrible weapon, it drains the life of those it strikes.
   It affects your dexterity (-5).
   It insulates you from electricity.
   It lets you see invisible.
Armour
 c - a +2 shield (worn)
 n - a +1 pair of gloves of strength (worn)
 J - a cursed -1 chain mail
 K - a cursed +0 pair of boots (worn)
 Q - a +1 helmet of see invisible (worn)
 R - the +7 chain mail "Cubum" (worn) {*Drain rC+++ rCorr Dex-5}
   (You took it off an orc on level 8 of the Dungeon)

   It affects your dexterity (-5).
   It renders you almost immune to cold.
   It provides partial protection from all sources of acid and corrosion.
   It causes draining when unequipped.
 Y - a scarf of cloud immunity (worn)
Jewellery
 q - a +6 ring of evasion (right hand)
 r - an uncursed ring of resist corrosion
 u - an uncursed ring of protection from cold
 y - an uncursed ring of stealth
 G - an uncursed ring of protection from magic
 I - a +3 ring of strength
 L - an amulet of the acrobat (around neck)
 N - the ring "Hockek" {rElec EV+4}
   (You found it on level 7 of the Dungeon)

   [ring of evasion]

   It affects your evasion (+4).
   It insulates you from electricity.
 O - an uncursed amulet of magic regeneration
 X - an uncursed ring of see invisible
 Z - the ring of Robustness (left hand) {AC+8}
   (You found it on level 3 of the Lair of Beasts)

   [ring of protection]

   It affects your AC (+8).
Wands
 s - a wand of flame (63)
 v - a wand of polymorph (22)
 B - a wand of digging (17)
 H - a wand of enslavement (7)
 S - a wand of iceblast (11)
 T - a wand of paralysis (6)
Scrolls
 b - 2 scrolls of teleportation
 i - a scroll of enchant weapon
 m - 2 scrolls of fear
 o - a scroll of torment
 C - 2 scrolls of magic mapping
 D - 5 scrolls of blinking
 E - a scroll of silence
 F - a scroll of amnesia
 M - 2 scrolls of fog {unknown}
 P - 2 scrolls of acquirement {unknown}
 U - a scroll of summoning {unknown}
 W - 4 scrolls of remove curse
Potions
 d - 5 potions of might
 e - 4 potions of heal wounds {unknown}
 g - 13 potions of curing
 h - 4 potions of haste {unknown}
 k - 4 potions of degeneration {unknown}
 l - 3 potions of agility
 p - a potion of mutation {unknown}
 t - a potion of resistance {unknown}
 w - a potion of cancellation {unknown}
 x - a potion of lignification {unknown}
 z - a potion of brilliance {unknown}
 V - 4 potions of flight {unknown}
Comestibles
 f - 31 rations


   Skills:
 + Level 8.5(13.5) Fighting
 + Level 2.5(12.8) Axes
 + Level 11.4(16.6) Maces & Flails
 + Level 8.6(13.6) Armour
 + Level 5.0(10.0) Dodging
 + Level 2.3(7.3) Stealth
 + Level 12.5(17.5) Shields
 + Level 0.9 Invocations


You had 12 spell levels left.
You didn't know any spells.
Your spell library contained the following spells:

 Spells                   Type           Power        Failure   Level  Hunger
 Animate Skeleton         Necr           N/A          87%         1    ##.....
 Apportation              Tloc           #.....       87%         1    ##.....
 Confusing Touch          Hex            #.....       87%         1    ##.....
 Corona                   Hex            #......      87%         1    ##.....
 Sandblast                Erth           #.....       87%         1    ##.....
 Summon Small Mammal      Summ           #...         87%         1    ##.....
 Blink                    Tloc           N/A          95%         2    ###....
 Passwall                 Tmut/Erth      #.......     95%         2    ###....
 Shroud of Golubria       Chrm/Tloc      #.........   95%         2    ###....
 Slow                     Hex            #.......     95%         2    ###....
 Gell's Gravitas          Tloc           #.........   99%         3    ####...
 Inner Flame              Hex/Fire       #.......     99%         3    ####...
 Lesser Beckoning         Tloc           #.........   99%         3    ####...
 Portal Projectile        Hex/Tloc       #.....       99%         3    ####...
 Stone Arrow              Conj/Erth      #.....       99%         3    ####...
 Teleport Other           Tloc           #.......     99%         3    ####...
 Cause Fear               Hex            #.........   100%        4    #####..
 Leda's Liquefaction      Hex/Erth       #.........   100%        4    #####..
 Passage of Golubria      Tloc           N/A          100%        4    #####..
 Petrify                  Tmut/Erth      #.......     100%        4    #####..
 Lee's Rapid Deconstruct  Erth           #.........   100%        5    ######.


Dungeon Overview and Level Annotations

Branches:
Dungeon (9/15)             Temple (0/1) D:7            Lair (6/6) D:9
  Swamp (0/4) Lair:3        Snake (0/4) Lair:4          Orc (0/2) D:9
  Slime: Lair:5-6

Altars:
Cheibriados
Dithmenos
Elyvilon
Kikubaaqudgha
Makhleb
Okawaru
Qazlal
Vehumet

Shops:
D:6 *   D:7 }   D:8 (

Annotations:
Lair:3 1 runed translucent door, Deesahac's ghost, journeyman BaFi
Lair:5 exclusion: oklob plant


Innate Abilities, Weirdness & Mutations

You have razor-sharp teeth.
You heal very quickly.
When hurt, damage is shared between your health and your magic reserves.
Your bite disrupts and absorbs the magic of your enemies.
Potions cannot restore your health.
You are immune to rotting.


Message History

The merfolk avatar's magic leaks into the air.
You drain its magic.
You feel invigorated.
The merfolk avatar is severely wounded.
Your unstable footing causes you to fumble your attack.
The merfolk avatar falters for a moment.
Your unstable footing causes you to fumble your attack.
Your unstable footing causes you to fumble your attack.
The merfolk avatar falters for a moment.
The drowned soul touches you. The drowned soul drowns you!
* * * LOW HITPOINT WARNING * * *
Unknown command.
You hit the merfolk avatar. You bite the merfolk avatar!
The merfolk avatar's magic leaks into the air.
You drain its magic.
You feel invigorated.
The merfolk avatar is almost dead.
The drowned soul touches you. The drowned soul drowns you!
* * * LOW HITPOINT WARNING * * *
Your unstable footing causes you to fumble your attack.
The drowned soul touches you. The drowned soul drowns you!
You die...

##..#≈≈##≈≈##P≈##≈≈
#≈≈##≈≈#.≈..# #.≈≈≈≈≈ ≈P≈
≈≈≈ ≈≈≈≈≈≈≈≈≈≈.... ...≈≈§
≈≈≈≈ ≈≈≈≈ ≈≈≈≈≈≈≈≈≈≈≈.###
#.≈#.
################≈##.≈##
≈≈P#
#≈≈≈≈≈≈≈≈≈8#8≈≈#≈#.≈#≈#
..≈≈≈
#≈≈≈≈≈≈≈≈≈≈#≈≈≈≈≈≈≈≈≈≈#
...≈≈
#≈≈≈P≈≈≈≈≈≈#≈≈≈P≈≈≈≈≈##
....#
≈#≈≈≈≈≈≈≈≈≈≈#≈≈≈≈≈##≈##.
#.≈#.
≈≈≈≈≈=?@$≈#≈.≈≈≈#≈##≈.##
..≈≈
≈≈≈≈≈%m≈$≈≈≈#≈≈≈≈≈≈≈....
.≈≈
≈≈≈≈≈}WW?≈≈≈#≈≈≈≈≈≈≈.... .#
≈≈≈≈≈(!$)≈≈≈#≈≈≈.≈##≈≈#.
≈#≈≈≈≈≈≈≈≈≈≈#≈≈≈≈≈##≈.#.
#≈≈≈≈≈##≈≈≈#≈≈≈≈≈≈≈.P##
#≈≈≈≈≈≈≈≈≈≈#≈≈≈≈≈≈≈.###
#8≈≈≈≈≈≈≈≈8#8≈P.≈##≈ ##
#########...#######.≈##.P..


You could see a merfolk avatar and 2 drowned souls.

Vanquished Creatures
  3 hydras
  Urug (Lair:4)
  5 death yaks (Lair:6)
  A two-headed ogre (D:8)
  Sonja (Lair:6)
  An unseen horror (D:8)
  The ghost of Jaiteiro the Poker, a novice VSFi of the Shining One (D:9)
  3 manticores (Lair:6)
  4 black mambas
  7 elephants (Lair:6)
  A torpor snail (Lair:4)
  9 spiny frogs
  6 komodo dragons
  5 rime drakes (Lair:6)
  3 polar bears (Lair:6)
  2 wind drakes (Lair:6)
  3 hornets (Lair:6)
  8 blink frogs
  6 hippogriffs
  31 yaks
  3 basilisks
  3 wyverns
  3 hungry ghosts
  Eustachio (D:4)
  2 nagas (Lair:4)
  9 water moccasins
  4 porcupines
  2 ice beasts
  3 phantoms
  A black bear (D:9)
  2 necrophages
  4 sky beasts
  3 ogres
  10 wolves
  A centaur (D:6)
  18 crocodiles
  12 bullfrogs
  A gnoll sergeant (D:9)
  2 scorpions
  6 killer bees
  6 electric eels (D:8)
  3 crimson imps
  A bullfrog zombie (D:9)
  3 jellies
  2 orc priests (D:7)
  2 bullfrog skeletons (D:9)
  5 hounds
  An iguana (D:6)
  9 orc wizards
  6 worker ants
  A hound zombie (D:9)
  3 hound skeletons
  Robin (D:4)
  A worker ant zombie (D:9)
  A howler monkey skeleton (D:8)
  13 adders
  10 gnolls
  A shadow imp (D:9)
  An ooze (shapeshifter) (D:9)
  An adder skeleton (D:4)
  2 dart slugs (D:1)
  2 worms
  7 leopard geckos
  33 orcs
  7 bats
  4 giant cockroaches
  16 hobgoblins
  11 jackals
  3 quokkas
  A ball python (D:2)
  4 frilled lizards
  13 goblins
  A jackal skeleton (D:7)
  4 kobolds
  8 rats
378 creatures vanquished.

Vanquished Creatures (others)
  12 fungi
  24 plants
  2 withered plants (Lair:3)
38 creatures vanquished.

Grand Total: 416 creatures vanquished

Notes
Turn   | Place    | Note
-------+----------+-------------------------------------------
     0 | D:1      | Kairos the Vine Stalker Fighter began the quest for the
                  | Orb.
     0 | D:1      | Reached XP level 1. HP: 11/11 MP: 2/2
    83 | D:1      | Reached XP level 2. HP: 12/16 MP: 3/3
   101 | D:1      | Reached XP level 3. HP: 9/20 MP: 2/4
   502 | D:1      | Reached skill level 3 in Shields
   772 | D:2      | Gained mutation: Your natural rate of healing is unusually
                  | fast. [Vine Stalker growth]
   772 | D:2      | Reached XP level 4. HP: 24/24 MP: 3/5
   978 | D:2      | Found a stormy altar of Qazlal.
  1117 | D:2      | Found an iron altar of Okawaru.
  1128 | D:2      | Reached XP level 5. HP: 24/28 MP: 6/6
  1135 | D:2      | Became a worshipper of Warmaster Okawaru
  1452 | D:2      | Reached skill level 1 in Maces & Flails
  1943 | D:3      | Found a burning altar of Makhleb.
  1945 | D:3      | Noticed an Executioner
  2253 | D:4      | Noticed Robin
  2269 | D:4      | Killed Robin
  2269 | D:4      | Reached XP level 6. HP: 32/32 MP: 7/7
  2535 | D:4      | Noticed Eustachio
  2586 | D:4      | Killed Eustachio
  2586 | D:4      | Reached skill level 4 in Shields
  2586 | D:4      | Reached XP level 7. HP: 37/37 MP: 8/8
  2602 | D:4      | Reached * piety under Okawaru
  2638 | D:4      | Reached skill level 1 in Dodging
  3083 | D:4      | Found a radiant altar of Vehumet.
  3192 | D:4      | Got a brightly glowing dagger
  3201 | D:5      | Entered Level 5 of the Dungeon
  3749 | D:5      | Gained mutation: You have razor-sharp teeth. [Vine Stalker
                  | growth]
  3749 | D:5      | Reached XP level 8. HP: 42/42 MP: 9/9
  4539 | D:6      | Found Quam Zoth's Assorted Antiques.
  4547 | D:6      | Bought a thin lapis lazuli amulet for 100 gold pieces
  4577 | D:6      | Reached skill level 5 in Shields
  4882 | D:7      | Reached skill level 5 in Maces & Flails
  4882 | D:7      | Reached skill level 1 in Stealth
  4916 | D:7      | Got a translucent copper ring
  4932 | D:7      | Identified the ring "Hockek" {rElec EV+4} (You found it on
                  | level 7 of the Dungeon)
  4969 | D:7      | Found a snail-covered altar of Cheibriados.
  5027 | D:7      | Found a staircase to the Ecumenical Temple.
  5051 | D:7      | Reached ** piety under Okawaru
  5241 | D:7      | Reached XP level 9. HP: 46/46 MP: 10/10
  5243 | D:7      | Found Kerph's Gadget Shop.
  5317 | D:7      | Reached skill level 6 in Shields
  5443 | D:7      | Found an ancient bone altar of Kikubaaqudgha.
  5635 | D:7      | Identified the +9 dagger of the Modern Ships {drain, rElec
                  | Dex-5 SInv} (You found it on level 4 of the Dungeon)
  5693 | D:8      | Reached skill level 5 in Armour
  5711 | D:8      | Reached *** piety under Okawaru
  5835 | D:8      | Identified the +7 chain mail "Cubum" {*Drain rC+++ rCorr
                  | Dex-5}
  5896 | D:8      | Noticed an unseen horror
  5900 | D:8      | Found Idedat's Antique Weapon Emporium.
  5908 | D:8      | Killed an unseen horror
  5908 | D:8      | Reached skill level 5 in Fighting
  5908 | D:8      | Reached skill level 7 in Shields
  5994 | D:8      | Reached XP level 10. HP: 51/51 MP: 11/11
  6045 | D:8      | Noticed a two-headed ogre
  6062 | D:8      | Killed a two-headed ogre
  6062 | D:8      | Reached **** piety under Okawaru
  6062 | D:8      | Reached skill level 8 in Shields
  6878 | D:9      | Noticed Jaiteiro's ghost (novice VSFi)
  6900 | D:9      | Found a staircase to the Orcish Mines.
  7178 | D:9      | Found a runed translucent gate.
  7178 | D:9      | Found a runed translucent gate.
  7180 | D:9      | Found a runed translucent gate.
  7182 | D:9      | Noticed a lindwurm
  7333 | D:9      | Noticed a guardian serpent
  7353 | D:9      | Found a shadowy altar of Dithmenos.
  7432 | D:9      | Found a white marble altar of Elyvilon.
  7494 | D:9      | Found a staircase to the Lair.
  7643 | D:9      | Killed Jaiteiro's ghost
  7687 | Lair:1   | Entered Level 1 of the Lair of Beasts
  7720 | Lair:1   | Reached ***** piety under Okawaru
  7809 | Lair:1   | Reached XP level 11. HP: 56/56 MP: 12/12
  7815 | Lair:1   | Noticed a four-headed hydra
  7832 | Lair:1   | Killed a four-headed hydra
  7832 | Lair:1   | Reached skill level 9 in Shields
  8824 | Lair:2   | Received a gift from Okawaru
  9184 | Lair:2   | Reached skill level 10 in Shields
  9694 | Lair:3   | Found a staircase to the Swamp.
  9744 | Lair:3   | Gained mutation: You heal very quickly. [Vine Stalker
                  | growth]
  9744 | Lair:3   | Reached XP level 12. HP: 62/62 MP: 13/13
  9792 | Lair:3   | Found a runed translucent door.
  9793 | Lair:3   | Noticed Deesahac's ghost (journeyman BaFi)
 10137 | Lair:3   | Found the ring of Robustness {AC+8}
 10600 | Lair:4   | Received a gift from Okawaru
 10612 | Lair:4   | Noticed Urug
 10677 | Lair:4   | Killed Urug
 10796 | Lair:4   | Reached skill level 10 in Maces & Flails
 10920 | Lair:4   | Found a staircase to the Snake Pit.
 10952 | Lair:4   | Reached skill level 11 in Shields
 11425 | Lair:5   | Noticed a seven-headed hydra
 11439 | Lair:5   | Killed a seven-headed hydra
 11938 | Lair:6   | Entered Level 6 of the Lair of Beasts
 12020 | Lair:6   | Reached ****** piety under Okawaru
 12098 | Lair:6   | Received a gift from Okawaru
 12192 | Lair:6   | Reached XP level 13. HP: 47/68 MP: 10/14
 12377 | Lair:6   | Noticed Sonja
 12387 | Lair:6   | Killed Sonja
 12419 | Lair:6   | Received a gift from Okawaru
 12772 | Lair:6   | Reached skill level 12 in Shields
 13191 | Lair:6   | Reached skill level 5 in Dodging
 13249 | Lair:6   | HP: 3/69 [drowned by a drowned soul[a merfolk avatar] (11)]
 13255 | Lair:6   | HP: 2/69 [drowned by a drowned soul[a merfolk avatar] (4)]
 13256 | Lair:6   | Drowned by a drowned soul

Skill      XL: |  1  2  3  4  5  6  7  8  9 10 11 12 13 |
---------------+----------------------------------------+-----
Fighting       | 3 4 5 6 7 8 |  8.5
Axes           | 2 |  2.5
Shields        | 3 4 5 7 8 10 11 12 | 12.5
Maces & Flails | 2 3 4 5 6 7 9 10 11 | 11.4
Armour         | 3 4 5 6 7 8 |  8.6
Dodging        | 1 2 3 4 5 |  5.0
Stealth        | 1 2 |  2.3
Invocations    | |  0.9

Action                   |  1- 3 |  4- 6 |  7- 9 | 10-12 | 13-15 || total
-------------------------+-------+-------+-------+-------+-------++-------
Melee: War axe           |    70 |       |       |       |       ||    70
       Bite              |    13 |    76 |   147 |   392 |   234 ||   862
       Whip              |    11 |   213 |   351 |  1095 |   575 ||  2245
       Dagger            |       |       |    25 |       |       ||    25
Invok: Heroism           |       |       |       |     7 |     5 ||    12
Evoke: Wand              |       |       |       |       |     1 ||     1
  Use: Scroll            |       |     2 |     5 |    12 |     2 ||    21
 Stab: Paralysed         |       |       |       |       |     3 ||     3
  Eat: Ration            |     1 |       |     2 |     4 |       ||     7
       Chunk             |       |     7 |    14 |     8 |     2 ||    31
Armor: Scale mail        |    37 |     9 |       |       |       ||    46
       Chain mail        |       |    91 |   134 |   318 |   135 ||   678
Dodge: Dodged            |    24 |    51 |   140 |   367 |   182 ||   764
Block: Shield            |    40 |   123 |   218 |   551 |   260 ||  1192
